 Dungeon Crawl Stone Soup version 0.22.1-6-g1668fe2 (webtiles) character file.

6755 Kairos the Cleaver (level 11, -2/56 HPs)
             Began as a Vine Stalker Fighter on Jan 16, 2019.
             Was an Elder of Okawaru.
             Slain by a warg (7 damage)
             ... on level 10 of the Dungeon.
             The game lasted 00:12:16 (7018 turns).

Kairos the Cleaver (Vine Stalker Fighter)           Turns: 7018, Time: 00:12:16

Health: -2/56      AC: 10    Str: 27    XL:     11   Next: 4%
Magic:  0/12       EV: 14    Int:  8    God:    Okawaru [****..]
Gold:   813        SH: 16    Dex: 14    Spells: 10/10 levels left

rFire    . . .     SeeInvis .   a - +3 war axe
rCold    . . .     Gourm    .   c - +2 shield
rNeg     . . .     Faith    .   b - +0 scale mail
rPois    .         Spirit   +   i - +2 hat
rElec    .         Reflect  .   A - scarf {repulsion}
rCorr    .         Harm     .   (no gloves)
MR       +....                  (no boots)
Stlth    ++........             (no amulet)
HPRegen  0.58/turn              e - +3 ring of strength
MPRegen  0.13/turn              G - +2 ring of strength

@: heroism, repel missiles
A: fangs 3, regeneration 1, magic shield, antimagic bite, no potion heal 3, rot
immunity
a: Heroism, Renounce Religion


You were on level 10 of the Dungeon.
You worshipped Okawaru.
Okawaru was greatly pleased with you.
You were not hungry.

You visited 2 branches of the dungeon, and saw 11 of its levels.
You also visited: Sewer.

You collected 813 gold pieces.

Inventory:

Hand Weapons
 a - a +3 war axe (weapon)
Armour
 b - a +0 scale mail (worn)
 c - a +2 shield (worn)
 i - a +2 hat (worn)
 A - a scarf of repulsion (worn)
Jewellery
 e - a +3 ring of strength (left hand)
 k - an uncursed ring of fire
 G - a +2 ring of strength (right hand)
Wands
 z - a wand of polymorph (15)
Scrolls
 j - 4 scrolls of remove curse
 m - 2 scrolls of random uselessness
 p - 2 scrolls of identify
 q - 2 scrolls of fog
 u - 2 scrolls of teleportation {unknown}
 v - a scroll of magic mapping {unknown}
 w - a scroll of blinking {unknown}
 y - a scroll of silence {unknown}
 B - 2 scrolls of torment {unknown}
 C - a scroll of immolation
 D - a scroll of vulnerability {unknown}
 F - a scroll of amnesia {unknown}
Potions
 d - a potion of might
 g - 3 potions of curing
 h - a potion of heal wounds {unknown}
 l - a potion of degeneration {unknown}
 n - a potion of haste {unknown}
 o - 2 potions of resistance {unknown}
 r - 7 potions of lignification {unknown}
 s - a potion of agility {unknown}
 t - a potion of cancellation {unknown}
 x - 2 potions of mutation {unknown}
 E - a potion of magic {unknown}
 H - a potion of brilliance {unknown}
 I - 2 potions of invisibility {unknown}
 J - a potion of berserk rage {unknown}
Comestibles
 f - 16 rations


   Skills:
 + Level 6.2(11.2) Fighting
 + Level 9.9(14.9) Axes
 + Level 5.9(10.9) Armour
 + Level 2.9(7.9) Dodging
 + Level 1.7(6.7) Stealth
 + Level 7.7(12.7) Shields
 + Level 1.1 Invocations


You had 10 spell levels left.
You didn't know any spells.
Your spell library contained the following spells:

 Spells                   Type           Power        Failure   Level  Hunger
 Animate Skeleton         Necr           N/A          73%         1    ##.....
 Corona                   Hex            #......      73%         1    ##.....
 Pain                     Necr           #...         73%         1    ##.....
 Sting                    Conj/Pois      #...         73%         1    ##.....
 Summon Small Mammal      Summ           #...         73%         1    ##.....
 Call Imp                 Summ           #.......     86%         2    ###....
 Poisonous Vapours        Pois/Air       #.....       86%         2    ###....
 Slow                     Hex            #.......     86%         2    ###....
 Call Canine Familiar     Summ           #.......     97%         3    ####...
 Inner Flame              Hex/Fire       #.......     97%         3    ####...
 Mephitic Cloud           Conj/Pois/Air  #.......     97%         3    ####...
 Portal Projectile        Hex/Tloc       #.....       97%         3    ####...
 Regeneration             Chrm/Necr      #.........   97%         3    ####...
 Summon Guardian Golem    Hex/Summ       #.......     97%         3    ####...
 Vampiric Draining        Necr           #.........   97%         3    ####...
 Animate Dead             Necr           N/A          100%        4    #####..
 Cause Fear               Hex            #.........   100%        4    #####..
 Leda's Liquefaction      Hex/Erth       #.........   100%        4    #####..
 Olgreb's Toxic Radiance  Pois           #.......     100%        4    #####..
 Summon Ice Beast         Ice/Summ       #.......     100%        4    #####..
 Summon Lightning Spire   Summ/Air       #.......     100%        4    #####..
 Venom Bolt               Conj/Pois      #.........   100%        5    ######.


Dungeon Overview and Level Annotations

Branches:
Dungeon (10/15)            Temple (1/1) D:4            Lair (0/6) D:10
    Orc: D:9-12

Altars:
Ashenzari
Cheibriados
Dithmenos
Elyvilon
Fedhas
Gozag
Hepliaklqana
Kikubaaqudgha
Makhleb
Nemelex Xobeh
Okawaru
Qazlal
Ru
Sif Muna
Trog
Uskayaw
Vehumet
Wu Jian
Xom
Yredelemnul
Zin
The Shining One

Shops:
D:5 *   D:8 ?


Innate Abilities, Weirdness & Mutations

You have razor-sharp teeth.
Your natural rate of healing is unusually fast.
When hurt, damage is shared between your health and your magic reserves.
Your bite disrupts and absorbs the magic of your enemies.
Potions cannot restore your health.
You are immune to rotting.


Message History

The orc priest mumbles some strange prayers to Beogh against you.
Beogh smites you!
The orc priest invokes the aid of Beogh against you.
Beogh smites you!
* * * LOW HITPOINT WARNING * * *
You block the orc wizard's attack. You block the orc's attack.
Found a robe.
As you read the scroll of fog, it crumbles to dust.
The scroll dissolves into smoke.
You block the warg's attack. x2
The orc hits you with a whip.
* * * LOW HITPOINT WARNING * * *
You block the orc wizard's attack. The warg bites you!
* * * LOW HITPOINT WARNING * * *
The warg misses you. You block the orc priest's attack.
You block the warg's attack.
The orc wizard points at you and mumbles some strange words.
The puff of flame misses you. The orc warrior barely misses you.
Found 21 stones.
The warg bites you!
You die...

........##########...#
.........
.........o..........##
.........
....................
......###
...................
.......o....o......
......#'####.....######
###...#....#..§§.#....
..#####...####§§§..###
..........##§§oh@....##
.....######.§o§ho.....#
##...#......)§o§.....[..
#...#.>.....§§§>.....(.
#...#.........§........
#...#....#...P.......#.
#...#... ##.........##
#...#.. ###.....###
#...## +#..###


You could see 2 wargs, an orc warrior, an orc priest and an orc wizard.

Vanquished Creatures
  5 gargoyles (D:8)
  A troll (D:9)
  A hornet (D:9)
  2 hippogriffs
  A wyvern (D:9)
  Sigmund (D:3)
  Eustachio (D:6)
  Menkaure (D:4)
  2 soldier ants (D:9)
  A water moccasin (D:6)
  Purgy (Sewer)
  3 ice beasts
  2 sky beasts (D:9)
  3 phantoms
  An orc warrior (D:7)
  5 ogres
  4 centaurs
  A big kobold (Sewer)
  Blork the orc (D:4)
  4 bullfrogs
  3 scorpions
  3 killer bees (D:8)
  A bullfrog zombie (D:9)
  4 crimson imps
  7 hounds
  2 jellies (D:7)
  4 orc wizards
  Crazy Yiuf (D:6)
  2 orc priests
  A gnoll shaman (D:6)
  7 iguanas
  6 worker ants
  A hound zombie (D:8)
  Robin (D:2)
  12 adders
  7 gnolls
  3 oozes
  An adder zombie (D:7)
  3 worms
  3 dart slugs
  4 leopard geckos
  21 orcs
  6 bats
  6 giant cockroaches
  7 hobgoblins
  10 jackals
  7 quokkas
  2 ball pythons
  4 frilled lizards
  17 goblins
  9 kobolds
  A quokka skeleton (D:7)
  7 rats
214 creatures vanquished.

Vanquished Creatures (others)
  An orc wizard (D:8)
1 creature vanquished.

Grand Total: 215 creatures vanquished

Notes
Turn   | Place    | Note
-------+----------+-------------------------------------------
     0 | D:1      | Kairos the Vine Stalker Fighter began the quest for the
                  | Orb.
     0 | D:1      | Reached XP level 1. HP: 11/11 MP: 2/2
   129 | D:1      | Reached XP level 2. HP: 16/16 MP: 1/3
   876 | D:2      | Noticed Robin
   879 | D:1      | Reached skill level 2 in Axes
   893 | D:1      | Reached XP level 3. HP: 11/20 MP: 1/4
  1145 | D:2      | Killed Robin
  1202 | D:2      | Gained mutation: Your natural rate of healing is unusually
                  | fast. [Vine Stalker growth]
  1202 | D:2      | Reached XP level 4. HP: 20/24 MP: 3/5
  1223 | D:2      | Found an ancient bone altar of Kikubaaqudgha.
  1419 | D:2      | Found a sparkling altar of Nemelex Xobeh.
  1735 | D:3      | Noticed Sigmund
  1800 | D:2      | Reached XP level 5. HP: 14/28 MP: 4/6
  1983 | D:3      | Found a glowing drain.
  1988 | Sewer    | Entered a sewer
  2043 | Sewer    | Noticed Purgy
  2056 | Sewer    | Killed Purgy
  2056 | Sewer    | Reached skill level 3 in Axes
  2056 | Sewer    | Reached skill level 1 in Dodging
  2056 | Sewer    | Reached XP level 6. HP: 19/32 MP: 7/7
  2269 | D:3      | Killed Sigmund
  2269 | D:3      | Reached XP level 7. HP: 31/36 MP: 8/8
  2347 | D:3      | Reached skill level 4 in Axes
  2589 | D:4      | Found a staircase to the Ecumenical Temple.
  2605 | Temple   | Entered the Ecumenical Temple
  2796 | Temple   | Became a worshipper of Warmaster Okawaru
  2981 | D:4      | Found a blossoming altar of Fedhas.
  2982 | D:4      | Noticed Blork the orc
  2988 | D:4      | Killed Blork the orc
  3145 | D:4      | Noticed Menkaure
  3179 | D:4      | Killed Menkaure
  3179 | D:4      | Reached skill level 5 in Axes
  3295 | D:5      | Entered Level 5 of the Dungeon
  3323 | D:5      | Gained mutation: You have razor-sharp teeth. [Vine Stalker
                  | growth]
  3323 | D:5      | Reached XP level 8. HP: 18/42 MP: 3/9
  3447 | D:5      | Found a snail-covered altar of Cheibriados.
  3558 | D:5      | Found Lykeg's General Store.
  3584 | D:5      | Reached * piety under Okawaru
  3584 | D:5      | Reached skill level 1 in Stealth
  4108 | D:6      | Reached skill level 6 in Axes
  4170 | D:6      | Found a runed door.
  4220 | D:6      | Noticed Eustachio
  4228 | D:6      | Killed Eustachio
  4228 | D:6      | Reached skill level 5 in Fighting
  4247 | D:6      | Reached skill level 5 in Shields
  4247 | D:6      | Reached XP level 9. HP: 45/47 MP: 8/10
  4353 | D:6      | Reached ** piety under Okawaru
  4452 | D:6      | Found an ornate altar of the Wu Jian Council.
  4591 | D:6      | Noticed Crazy Yiuf
  4597 | D:6      | Killed Crazy Yiuf
  4661 | D:7      | Reached skill level 7 in Axes
  4881 | D:7      | Reached skill level 5 in Armour
  5105 | D:7      | Reached skill level 8 in Axes
  5574 | D:8      | Reached *** piety under Okawaru
  5574 | D:8      | Reached XP level 10. HP: 34/51 MP: 9/11
  5674 | D:8      | Noticed a gargoyle
  5685 | D:8      | Killed a gargoyle
  5685 | D:8      | Reached skill level 9 in Axes
  5691 | D:8      | Found Baumeb Cuse's Magic Scroll Boutique.
  5718 | D:8      | Noticed a gargoyle
  5732 | D:8      | Killed a gargoyle
  5737 | D:8      | Noticed a gargoyle
  5738 | D:8      | Noticed a gargoyle
  5755 | D:8      | Killed a gargoyle
  5762 | D:8      | Killed a gargoyle
  5984 | D:8      | Found a glowing silver altar of Zin.
  5984 | D:8      | Found a shattered altar of Ashenzari.
  5994 | D:8      | Noticed a gargoyle
  6004 | D:8      | Killed a gargoyle
  6172 | D:9      | Reached **** piety under Okawaru
  6201 | D:9      | Reached skill level 1 in Invocations
  6214 | D:9      | Found a deep blue altar of Sif Muna.
  6257 | D:9      | Paralysed by a hornet for 2 turns
  6261 | D:9      | Paralysed by a hornet for 1 turns
  6720 | D:9      | Reached XP level 11. HP: 56/56 MP: 12/12
  6843 | D:10     | Entered Level 10 of the Dungeon
  7001 | D:10     | Found a staircase to the Lair.
  7018 | D:10     | Slain by a warg

Skill      XL: |  1  2  3  4  5  6  7  8  9 10 |
---------------+-------------------------------+-----
Axes           | 2 3 5 6 8 9 |  9.9
Fighting       | 3 4 5 6 |  6.2
Shields        | 3 4 5 6 7 |  7.7
Armour         | 3 4 5 |  5.9
Dodging        | 1 2 |  2.9
Stealth        | 1 |  1.7
Invocations    | 1 |  1.1

Action                   |  1- 3 |  4- 6 |  7- 9 | 10-12 || total
-------------------------+-------+-------+-------+-------++-------
Melee: War axe           |    57 |   134 |   280 |   150 ||   621
       Bite              |    12 |    44 |   110 |    65 ||   231
Invok: Heroism           |       |       |     6 |     6 ||    12
  Use: Scroll            |       |     6 |     3 |     4 ||    13
  Eat: Chunk             |       |     3 |     2 |     2 ||     7
       Ration            |       |     1 |     2 |     1 ||     4
Armor: Scale mail        |    40 |    83 |   108 |    24 ||   255
Dodge: Dodged            |    26 |    49 |    87 |    49 ||   211
Block: Shield            |    35 |    95 |   193 |    98 ||   421
